 Dungeon Crawl Stone Soup version 0.26-a0-958-gf3041fb45f (webtiles) character file.

Game seed: 16271812816505260090

226321 lunkers the Lord of Darkness (level 18, -7/178 HPs)
             Began as a Deep Dwarf Necromancer on Nov 30, 2020.
             Was the Champion of Kikubaaqudgha.
             Killed by the raging water
             ... invoked by a water nymph
              (19 damage)
             ... on level 4 of the Shoals.
             The game lasted 02:22:49 (54391 turns).

lunkers the Lord of Darkness (DDNe)                Turns: 54391, Time: 02:22:50

Health: -7/178     AC: 24    Str: 16    XL:     18   Next: 64%
Magic:  7/24       EV: 11    Int: 23    God:    Kikubaaqudgha [******]
Gold:   814        SH: 14    Dex: 16    Spells: 3/29 levels left

rFire    + . .     SeeInvis .   a - +9 broad axe (spect)
rCold    . . .     Faith    .   l - +0 kite shield
rNeg     + . .     Spirit   .   F - +2 ring mail {rF+}
rPois    +         Reflect  .   y - +2 helmet
rElec    +         Harm     .   H - +0 cloak
rCorr    .         Rampage  .   h - +2 pair of gloves
MR       ++...                  v - +1 pair of boots of Activism {rPois Stlth+}
Stlth    ++........             g - amulet of magic regeneration
HPRegen  0.00/turn              J - ring "Ynlym" {rElec AC+4 Str+3 Dex+3 Slay-3}
MPRegen  0.44/turn              j - +4 ring of protection

@: non-regenerating, studying Earth Magic, very slow
A: damage resistance, heal wounds, low mp 1, negative energy resistance 1, sense
surroundings 3, no regeneration
}: 1/15 runes: serpentine
a: Heal Wounds, Receive Corpses, Torment, Renounce Religion


You were on level 4 of the Shoals.
You worshipped Kikubaaqudgha.
Kikubaaqudgha was exalted by your worship.
You visited 6 branches of the dungeon, and saw 30 of its levels.
You visited 1 bazaar.
You also visited: Gauntlet.

You collected 3255 gold pieces.
You spent 2441 gold pieces at shops.

Inventory:

Hand Weapons
 a - a +9 spectral broad axe (weapon)
 b - the +12 hand crossbow of Flawed Execution {penet, rF+ rC+ Dex-4 SInv}
   (You bought it in a shop on level 2 of the Orcish Mines)

   Ammo fired by it will pass through the targets it hits, potentially hitting
   all targets in its path until it reaches maximum range.
   It affects your dexterity (-4).
   It protects you from fire.
   It protects you from cold.
   It lets you see invisible.
 R - the +10 mace "Qalid" {flame, +Inv rF+ Int+2}
   (You bought it in a shop on level 2 of the Orcish Mines)

   It has been specially enchanted to burn those struck by it, causing extra
   injury to most foes and up to half again as much damage against particularly
   susceptible opponents.
   It affects your intelligence (+2).
   It protects you from fire.
   It lets you turn invisible.
Missiles
 I - 400 bolts (quivered)
Armour
 h - a +2 pair of gloves (worn)
 l - a +0 kite shield (worn)
 v - the +1 pair of boots of Activism (worn) {rPois Stlth+}
   (You found it in a Gauntlet)

   It protects you from poison.
   It makes you more stealthy.
 y - a +2 helmet (worn)
 F - a +2 ring mail of fire resistance (worn)
 H - a +0 cloak (worn)
Jewellery
 g - an amulet of magic regeneration (around neck)
 j - a +4 ring of protection (right hand)
 p - an uncursed ring of protection from magic
 s - an uncursed ring of flight
 z - a +6 ring of intelligence
 J - the ring "Ynlym" (left hand) {rElec AC+4 Str+3 Dex+3 Slay-3}
   (You took it off a gnoll shaman on level 5 of the Dungeon)

   [ring of protection]

   It affects your AC (+4).
   It affects your strength (+3).
   It affects your dexterity (+3).
   It affects your accuracy and damage with ranged weapons and melee attacks
   (-3).
   It insulates you from electricity.
 L - an uncursed amulet of reflection
 P - an uncursed ring of resist corrosion
 W - an uncursed ring of wizardry {unknown}
Wands
 n - a wand of random effects (58)
 t - a wand of iceblast (1)
 u - a wand of flame (72)
 E - a wand of paralysis (9)
 K - a wand of polymorph (28)
Scrolls
 c - 13 scrolls of remove curse
 e - 6 scrolls of enchant armour
 i - 6 scrolls of teleportation
 o - 2 scrolls of blinking
 C - 5 scrolls of identify
 D - a scroll of amnesia
 N - 6 scrolls of fear
 O - a scroll of magic mapping
 T - 2 scrolls of summoning
 V - 3 scrolls of fog
 X - a scroll of vulnerability
 Y - a scroll of silence
Potions
 d - 8 potions of haste
 f - 5 potions of brilliance
 k - a potion of flight
 r - 13 potions of curing
 w - 8 potions of lignification
 x - 2 potions of resistance
 A - 4 potions of mutation
 B - 3 potions of magic
 G - a potion of cancellation
 M - a potion of ambrosia
 Q - 4 potions of invisibility
 S - 3 potions of heal wounds
Books
 q - a manual of Earth Magic
Miscellaneous
 m - a tin of tremorstones (1/2)
 U - a phantom mirror
 Z - a box of beasts


   Skills:
 + Level 15.1 Fighting
 * Level 12.7(13.0) Axes
 - Level 4.0(8.7) Maces & Flails
 - Level 3.9 Crossbows
 + Level 2.0 Armour
 - Level 2.1 Dodging
 - Level 2.4 Stealth
 - Level 15.0 Shields
 - Level 6.0 Spellcasting
 - Level 20.4 Necromancy
 - Level 10.0 Earth Magic
 - Level 10.0 Evocations


You had 3 spell levels left.
You knew the following spells:

 Your Spells              Type           Power        Failure   Level
a - Vampiric Draining     Necr           #######...   0%          3
b - Death Channel         Necr           #######...   1%          6
c - Infestation           Necr           #######...   24%         8
d - Dispel Undead         Necr           #######.     1%          4
e - Borgnjor's Vile Clut  Necr/Erth      ######....   1%          5

Your spell library contained the following spells:

 Spells                   Type           Power        Failure   Level
 Animate Skeleton         Necr           ######       0%          1
 Pain                     Necr           ####         0%          1
 Sublimation of Blood     Necr           #######...   0%          2
 Corpse Rot               Necr/Air       N/A          1%          2
 Stone Arrow              Conj/Erth      ####..       6%          3
 Corona                   Hex            #......      16%         1
 Freeze                   Ice            #...         16%         1
 Magic Dart               Conj           #...         16%         1
 Shock                    Conj/Air       #...         16%         1
 Blink                    Tloc           N/A          24%         2
 Call Imp                 Summ           #.......     24%         2
 Ensorcelled Hibernation  Hex/Ice        #.....       24%         2
 Slow                     Hex            #.......     24%         2
 Swiftness                Air            #.......     24%         2
 Confusing Touch          Hex            #.......     43%         3
 Conjure Flame            Conj/Fire      #.......     43%         3
 Dazzling Flash           Conj/Hex       #.....       43%         3
 Frozen Ramparts          Ice            #.....       43%         3
 Gell's Gravitas          Tloc           #.........   43%         3
 Ignite Poison            Fire/Tmut/Pois #.......     43%         3
 Mephitic Cloud           Conj/Pois/Air  #.......     43%         3
 Ozocubu's Armour         Ice            #.......     43%         3
 Portal Projectile        Hex/Tloc       #.....       43%         3
 Spider Form              Tmut/Pois      #.........   43%         3
 Static Discharge         Conj/Air       #.......     43%         3
 Tukima's Dance           Hex            #.......     43%         3
 Animate Dead             Necr           #######...   1%          4
 Agony                    Necr           #######.     1%          5
 Petrify                  Tmut/Erth      ####....     21%         4
 Borgnjor's Revivificati  Necr           #######...   24%         8
 Simulacrum               Ice/Necr       ######....   36%         6
 Bolt of Magma            Conj/Fire/Erth ###.......   75%         5
 Airstrike                Air            #.........   83%         4
 Hailstorm                Conj/Ice       #.......     83%         4
 Ice Form                 Ice/Tmut       #.......     83%         4
 Summon Ice Beast         Ice/Summ       #.......     83%         4
 Haunt                    Necr/Summ      ######....   90%         7
 Death's Door             Necr           #######...   98%         9
 Fireball                 Conj/Fire      #.........   99%         5
 Lightning Bolt           Conj/Air       #.........   99%         5
 Metabolic Englaciation   Hex/Ice        #.........   99%         5
 Silence                  Hex/Air        #.........   99%         5
 Yara's Violent Unravell  Hex/Tmut       #.........   99%         5
 Dispersal                Tloc           #.........   100%        6
 Eringya's Noxious Bog    Tmut/Pois      #.........   100%        6
 Starburst                Conj/Fire      #.........   100%        6
 Disjunction              Tloc           #.........   100%        8
 Ignition                 Fire           #.........   100%        8
 Necromutation            Tmut/Necr      ######....   100%        8


Dungeon Overview and Level Annotations

Branches:
Dungeon (13/15)            Temple (1/1) D:5            Lair (6/6) D:11
 Shoals (4/4) Lair:2        Snake (4/4) Lair:2        Slime (0/5) Lair:6
    Orc (2/2) D:10            Elf (0/3) Orc:2        Vaults (0/5) D:13
Gauntlet (visited)

Altars:
Ashenzari
Cheibriados
Dithmenos
Elyvilon
Fedhas
Gozag
Hepliaklqana
Kikubaaqudgha
Makhleb
Nemelex Xobeh
Okawaru
Qazlal
Ru
Sif Muna
Trog
Uskayaw
Vehumet
Wu Jian
Xom
Yredelemnul
Zin
The Shining One

Shops:
D:6 :   D:9 :   Orc:2 ([*:   Shoals:1 *}=[   Shoals:3 *   Snake:1 ?=:}
Snake:2 *   Snake:3 }(=:(   Snake:4 [

Portals:
Hell: Lair:6

Annotations:
Lair:6 exclusion: oklob plant


Innate Abilities, Weirdness & Mutations

You are resistant to damage.
You can heal yourself by infusing magical energy.
You resist negative energy. (rN+)
You passively map a large area around you.
You do not regenerate.
Your magical capacity is low. (-10% MP)


Message History

Aim: a water nymph (heavily wounded, infested)
The water nymph is almost dead.
You feel life coursing into your body!
* * * LOW MAGIC WARNING * * *
You block the wind drake's attack. You block the water nymph's attack.
The water nymph points at you and mumbles some strange words.
The water swirls and strikes you!!!
* * * LOW HITPOINT WARNING * * *
You block the wind drake's attack.
Unknown command.
Unknown command.
The water nymph casts a spell at you. The water swirls and strikes you!!
* * * LOW HITPOINT WARNING * * *
The wind drake flaps its wings at you. The air twists around and strikes you.
The water nymph gestures at you while chanting.
The water swirls and strikes you!!
You die...
Kikubaaqudgha rasps: "You have failed me!
Welcome... death!"

≈≈≈≈≈#######≈≈≈........≈≈≈≈≈
≈ ≈≈≈### ≈##≈..........≈≈≈≈
≈≈≈# ≈##..........≈≈≈≈ ≈ ≈
** *≈ #..........≈≈≈≈ ≈ ≈ ≈
* ##.........≈≈≈≈ ≈≈ ≈ ≈ * *
# ##..........≈≈≈ ≈ ≈ ≈ ≈≈
≈≈ #≈≈≈........≈≈≈ ≈ *
≈≈≈##≈≈......≈.≈≈≈ *
#≈≈≈≈@≈.#.≈....≈ ≈ ,,≈≈
≈##≈≈≈≈≈≈≈≈≈≈.##.≈≈ ≈ , ≈
≈≈≈≈≈≈kmm≈≈≈≈..# ≈≈ ≈ ,
≈≈≈≈≈≈≈≈≈≈.≈≈≈..≈≈ ≈≈≈ ≈ ,,
,, ≈≈≈≈≈≈≈≈≈≈≈≈≈≈≈≈≈≈≈≈ ≈ ,
≈≈≈≈≈≈≈≈≈≈≈≈≈≈≈≈≈≈≈ ≈≈ ,
≈≈≈≈≈≈≈≈≈≈≈≈≈≈≈≈≈≈≈≈≈ ≈≈
≈≈≈≈≈≈≈≈≈.....≈≈≈≈ ≈≈ , ≈ ≈≈
≈≈≈≈≈≈≈........≈ ≈≈


You could see a wind drake (repels missiles, infested) and 2 water nymphs.

Vanquished Creatures
  Gastronok (Lair:3)
  3 nagarajas (Snake:4)
  2 orc warlords
  Aizul (Snake:1)
  The ghost of Poshitef the Frost Mage, a journeyman DsIE of Sif Muna (D:13)
  A dire elephant (Lair:6)
  A minotaur (Gauntlet)
  Snorg (Orc:1)
  Erolcha (Orc:1)
  4 merfolk impalers
  11 hydras
  Fannar (D:12)
  Harold (D:10)
  6 naga warriors
  3 vault guards (D:13)
  A hell beast (Lair:6)
  A catoblepas (Lair:6)
  A merfolk avatar (Shoals:1)
  4 anacondas
  4 centaur warriors
  An alligator snapping turtle (Shoals:4)
  3 merfolk aquamancers (Shoals:3)
  A death knight (D:13)
  An ogre mage (D:13)
  A two-headed ogre (D:13)
  8 death yaks
  3 orc high priests
  6 naga sharpshooters
  3 shock serpents
  A deep elf knight (D:13)
  A fire crab (Lair:5)
  2 skeletal warriors (D:13)
  An unseen horror (D:10)
  11 sea snakes
  2 salamander mystics
  A wizard (Lair:6)
  4 naga ritualists
  A deep elf archer (D:13)
  10 orc knights
  2 large abominations (Gauntlet)
  8 orc sorcerers
  6 harpies
  8 mana vipers
  7 salamanders
  4 cyclopes
  9 manticores
  11 fauns
  14 elephants
  A guardian serpent (Snake:2)
  21 naga magi
  2 water nymphs
  8 merfolk sirens
  34 black mambas
  4 orange demons (Lair:6)
  2 gargoyles (D:13)
  A freezing wraith (D:13)
  10 cane toads
  8 rime drakes
  The ghost of Fractals the Cutter, a novice KoMo (D:5)
  A redback zombie (D:13)
  8 komodo dragons
  A hellwing (Lair:6)
  3 ice devils
  A red devil (Lair:6)
  12 merfolk
  7 trolls
  25 blink frogs
  2 polar bears
  4 wind drakes
  6 snapping turtles
  2 dream sheep (D:10)
  10 flying skulls (Gauntlet)
  A wraith (D:11)
  A centaur simulacrum (D:13)
  2 water elementals
  14 wyverns
  Sigmund (D:2)
  2 shadows (D:13)
  A vampire (D:13)
  6 small abominations (Gauntlet)
  36 yaks
  9 basilisks
  A steam dragon (D:9)
  3 vampire mosquitoes (D:12)
  5 wargs
  34 nagas
  12 water moccasins
  4 hell hounds (Lair:6)
  39 orc warriors
  An eye of draining (D:9)
  2 black bears
  4 sky beasts
  An ice beast (D:5)
  11 ogres
  4 wolves (Lair:1)
  10 centaurs
  5 big kobolds
  13 bullfrogs
  2 gnoll sergeants (D:5)
  Dowan (D:4)
  6 scorpions
  5 killer bees (D:13)
  16 wights
  2 howler monkeys
  10 electric eels
  3 centaur zombies
  A quasit (D:10)
  A wyvern simulacrum (D:13)
  2 bullfrog zombies (D:5)
  28 orc priests
  2 bullfrog skeletons
  6 hounds
  3 jellies
  2 centaur skeletons
  A gnoll shaman (D:5)
  Natasha (D:2)
  An iguana (D:13)
  33 orc wizards
  17 hell rats
  11 worker ants
  3 hound zombies
  A hound skeleton (D:7)
  A howler monkey zombie (D:5)
  9 gnolls
  13 adders
  4 river rats (Lair:1)
  4 shadow imps
  2 white imps
  3 ufetubi
  An ooze (D:1)
  2 adder skeletons
  An adder zombie (D:7)
  A worm (D:3)
  4 leopard geckos
  78 orcs
  5 giant cockroaches
  13 goblins
  4 hobgoblins
  9 jackals
  8 quokkas
  5 bats
  4 frilled lizards
  A jackal zombie (D:5)
  22 kobolds
  A quokka zombie (D:5)
  17 rats
945 creatures vanquished.

Vanquished Creatures (collateral kills)
  2 nagarajas (Snake:4)
  An orc warlord (Orc:1)
  A merfolk javelineer (Shoals:3)
  6 naga warriors
  2 anacondas
  2 merfolk avatars
  A merfolk aquamancer (Shoals:3)
  A satyr (Shoals:3)
  2 shock serpents (Snake:4)
  4 naga sharpshooters
  5 naga ritualists
  3 mana vipers
  A harpy (Shoals:4)
  3 manticores (Shoals:4)
  A faun (Shoals:3)
  2 salamanders
  7 black mambas
  A merfolk siren (Shoals:4)
  2 water nymphs
  2 naga magi
  7 merfolk
  2 wind drakes (Shoals:4)
  4 water elementals (Shoals:3)
  21 nagas
  An orc priest (Orc:1)
  An orc wizard (Orc:1)
  An orc (Orc:1)
86 creatures vanquished.

Vanquished Creatures (others)
  A merfolk aquamancer (Shoals:3)
  A mana viper (Snake:2)
  A naga (Snake:1)
  Duvessa (D:4)
  An orc wizard (Orc:1)
  An adder zombie (D:5)
  36 fungi
  134 plants
176 creatures vanquished.

Grand Total: 1207 creatures vanquished

Notes
Turn   | Place    | Note
-------+----------+-------------------------------------------
     0 | D:1      | lunkers the Deep Dwarf Necromancer began the quest for the
                  | Orb.
     0 | D:1      | Reached XP level 1. HP: 15/15 MP: 3/3
   216 | D:1      | Reached XP level 2. HP: 14/22 MP: 2/4
   218 | D:1      | Reached skill level 5 in Necromancy
   647 | D:1      | Reached XP level 3. HP: 18/28 MP: 2/5
  1139 | D:2      | Learned a level 3 spell: Vampiric Draining
  1323 | D:2      | Reached skill level 6 in Necromancy
  1412 | D:2      | Found a burning altar of Makhleb.
  1521 | D:2      | Noticed Sigmund
  1705 | D:2      | HP: 1/28 [Sigmund/+0 scythe (9)]
  1712 | D:2      | Killed Sigmund
  1713 | D:2      | Reached skill level 7 in Necromancy
  1713 | D:2      | Reached XP level 4. HP: 13/36 MP: 1/6
  1713 | D:2      | Reached XP level 5. HP: 15/42 MP: 1/7
  1951 | D:2      | Found an opulent altar of Gozag.
  2086 | D:2      | Noticed Natasha
  2090 | D:2      | Killed Natasha
  2315 | D:3      | Noticed an ogre
  2325 | D:3      | Killed an ogre
  2326 | D:3      | Reached skill level 8 in Necromancy
  2326 | D:3      | Reached XP level 6. HP: 49/49 MP: 1/8
  2841 | D:3      | Reached skill level 9 in Necromancy
  3523 | D:4      | Noticed Duvessa
  3523 | D:4      | Noticed Dowan
  3600 | D:4      | Reached skill level 1 in Maces & Flails
  3600 | D:4      | Reached XP level 7. HP: 43/56 MP: 2/9
  3692 | D:4      | Killed Duvessa
  3693 | D:4      | Reached skill level 1 in Fighting
  3701 | D:4      | Killed Dowan
  3851 | D:4      | Found a white marble altar of Elyvilon.
  4201 | D:4      | Found a stormy altar of Qazlal.
  4412 | D:4      | Learned a level 4 spell: Animate Dead
  4466 | D:5      | Entered Level 5 of the Dungeon
  4468 | D:5      | Found a staircase to the Ecumenical Temple.
  4474 | Temple   | Entered the Ecumenical Temple
  4546 | Temple   | Became a worshipper of Kikubaaqudgha
  4826 | D:5      | Found a transporter.
  4886 | D:5      | Identified the +1 ring mail of Refuge {*Slow rN+++ rCorr
                  | Str+3}
  4887 | D:5      | Found a transporter.
  4889 | D:5      | Identified the ring "Ynlym" {rElec AC+4 Str+3 Dex+3 Slay-3}
  4900 | D:5      | Noticed Fractals's ghost (novice KoMo)
  5182 | D:5      | Reached XP level 8. HP: 66/68 MP: 10/10
  5337 | D:5      | Reached * piety under Kikubaaqudgha
  5337 | D:5      | Identified Kikubaaqudgha's Compendium of Stolen Souls
                  | (Kikubaaqudgha gifted it to you on level 5 of the Dungeon)
  5337 | D:5      | Received a gift from Kikubaaqudgha
  5439 | D:5      | Found a glowing golden altar of the Shining One.
  5480 | D:5      | Got a shimmering hand axe
  5481 | D:5      | Identified the +5 hand axe of Circular Logic {venom, rC+
                  | Dex+7} (You found it on level 5 of the Dungeon)
  5676 | D:5      | Found a basalt altar of Yredelemnul.
  5678 | D:5      | Noticed a profane servitor
  5782 | D:5      | Noticed an angel
  5946 | D:6      | Found a shadowy altar of Dithmenos.
  6014 | D:6      | Found Gibiets's Book Boutique.
  6043 | D:6      | Reached skill level 1 in Axes
  6072 | D:6      | Reached skill level 10 in Necromancy
  6187 | D:6      | Found a broken altar of Ashenzari.
  6296 | D:6      | Found a hazy altar of Hepliaklqana.
  7350 | D:7      | Gained mutation: You passively map the area around you.
                  | [Deep Dwarf growth]
  7350 | D:7      | Reached XP level 9. HP: 35/78 MP: 7/11
  7351 | D:7      | Reached ** piety under Kikubaaqudgha
  7689 | D:8      | Found a glowing silver altar of Zin.
  7722 | D:8      | Reached skill level 5 in Axes
  8311 | D:8      | Found a sparkling altar of Nemelex Xobeh.
  8462 | D:8      | Found a large runed translucent door.
  8462 | D:8      | Found a large runed translucent door.
  8462 | D:8      | Noticed a komodo dragon
  8463 | D:8      | Noticed a five-headed hydra
  8677 | D:8      | Killed a five-headed hydra
  8678 | D:8      | Reached skill level 5 in Fighting
  8678 | D:8      | Reached skill level 11 in Necromancy
  8886 | D:8      | Killed a komodo dragon
  8938 | D:8      | Found an iron altar of Okawaru.
  9375 | D:9      | Reached XP level 10. HP: 43/91 MP: 3/12
  9502 | D:9      | Found Sodoeghi's Book Boutique.
  9515 | D:9      | Identified the Grimoire of the Icy Birds
 10314 | D:9      | Reached *** piety under Kikubaaqudgha
 10314 | D:9      | Identified Kikubaaqudgha's Collected Works on Dark Secrets
                  | (Kikubaaqudgha gifted it to you on level 9 of the Dungeon)
 10314 | D:9      | Received a gift from Kikubaaqudgha
 10725 | D:9      | Learned a level 4 spell: Dispel Undead
 10896 | D:5      | Killed Fractals's ghost
 11278 | D:10     | Entered Level 10 of the Dungeon
 11478 | D:10     | Found a staircase to the Orcish Mines.
 11570 | D:9      | Reached skill level 1 in Shields
 11570 | D:9      | Reached skill level 12 in Necromancy
 11744 | D:8      | Found a hide-covered altar of Uskayaw.
 11744 | D:8      | Noticed a boulder beetle
 11747 | D:8      | Found a hide-covered altar of Uskayaw.
 11747 | D:8      | Noticed a deep elf knight
 12204 | D:10     | Found a basalt altar of Yredelemnul.
 12358 | D:10     | Killed an unseen horror
 12666 | D:10     | Noticed Harold
 12694 | D:10     | Killed Harold
 13028 | D:10     | Noticed a three-headed hydra
 13037 | D:10     | Killed a one-headed hydra
 13038 | D:10     | Reached XP level 11. HP: 42/103 MP: 16/16
 13250 | D:11     | Reached **** piety under Kikubaaqudgha
 13359 | D:11     | Noticed a death yak
 13384 | D:10     | Killed a death yak
 13523 | D:11     | Found a staircase to the Lair.
 13547 | D:11     | Noticed a death yak
 13547 | D:11     | Noticed a death yak
 13692 | D:10     | Reached skill level 13 in Necromancy
 13826 | D:10     | Killed a death yak
 13939 | D:10     | Killed a death yak
 15050 | D:11     | Learned a level 5 spell: Borgnjor's Vile Clutch
 15475 | D:12     | Got an amethyst-encrusted plate armour
 15476 | D:12     | Identified the +1 plate armour of Limited Liability {rCorr}
                  | (You found it on level 12 of the Dungeon)
 15801 | D:12     | Got a transparent iron ring
 15866 | D:12     | Identified the ring of Jealousy {*Drain rElec rPois rN++
                  | Dex+6} (You found it on level 12 of the Dungeon)
 15895 | D:12     | Reached skill level 10 in Fighting
 15895 | D:12     | Reached skill level 14 in Necromancy
 16779 | D:12     | Noticed Fannar
 16820 | D:12     | Killed Fannar
 16991 | Lair:1   | Entered Level 1 of the Lair of Beasts
 17367 | Lair:1   | Reached XP level 12. HP: 112/116 MP: 2/18
 17629 | Lair:1   | Reached ***** piety under Kikubaaqudgha
 18084 | Lair:2   | Found a staircase to the Shoals.
 18545 | Lair:2   | Found a staircase to the Snake Pit.
 19594 | Lair:3   | Noticed a seven-headed hydra
 19606 | Lair:3   | Killed a seven-headed hydra
 19607 | Lair:3   | Reached skill level 15 in Necromancy
 19749 | Lair:3   | Noticed Gastronok
 19766 | Lair:3   | Killed Gastronok
 19859 | Lair:3   | Found a gate leading to a gauntlet.
 19964 | Gauntlet | Entered a Gauntlet
 19964 | Gauntlet | Found a transporter.
 19964 | Gauntlet | Found a transporter.
 19964 | Gauntlet | Found a runed translucent gate.
 20042 | Gauntlet | Found a transporter.
 20043 | Gauntlet | Found a transporter.
 20052 | Gauntlet | Found a transporter.
 20057 | Gauntlet | Found a transporter.
 20066 | Gauntlet | Found a transporter.
 20082 | Gauntlet | Found a transporter.
 20085 | Gauntlet | Noticed a dire elephant
 20096 | Gauntlet | Found a transporter.
 20100 | Gauntlet | Found a transporter.
 20108 | Gauntlet | Found a transporter.
 20112 | Gauntlet | Found a transporter.
 20114 | Gauntlet | Found a runed translucent gate.
 20114 | Gauntlet | Found a runed translucent gate.
 20294 | Gauntlet | Got a pair of ichor-stained boots
 20305 | Gauntlet | Identified the +1 pair of boots of Activism {rPois Stlth+}
                  | (You found it in a Gauntlet)
 20668 | Gauntlet | Got a glittering tin amulet
 20672 | Gauntlet | Identified the amulet of Spite {rF- Regen+ Dex+4 SInv} (You
                  | found it in a Gauntlet)
 20726 | Gauntlet | Noticed a minotaur
 20737 | Gauntlet | Killed a minotaur
 20933 | Lair:3   | Noticed a four-headed hydra
 20939 | Lair:3   | Killed a four-headed hydra
 20971 | Lair:3   | Reached XP level 13. HP: 83/129 MP: 9/19
 21180 | Lair:3   | Reached skill level 16 in Necromancy
 22277 | Lair:4   | Found a frozen archway.
 23695 | Lair:4   | Got a pitted hand crossbow
 23696 | Lair:4   | Identified the +5 hand crossbow of Vouvvoh {speed, Int+4
                  | SInv Stlth+} (You found it on level 4 of the Lair of
                  | Beasts)
 24649 | Lair:5   | Reached skill level 17 in Necromancy
 26425 | Lair:6   | Entered Level 6 of the Lair of Beasts
 26540 | Lair:6   | Found a staircase to the Slime Pits.
 26614 | Lair:5   | Reached skill level 5 in Spellcasting
 26614 | Lair:5   | Gained mutation: You resist negative energy. (rN+) [Deep
                  | Dwarf growth]
 26614 | Lair:5   | Reached XP level 14. HP: 83/141 MP: 4/21
 27683 | Lair:6   | Reached ****** piety under Kikubaaqudgha
 27908 | Lair:6   | Received a gift from Kikubaaqudgha
 28738 | Lair:6   | Reached skill level 18 in Necromancy
 28779 | Lair:6   | Learned a level 6 spell: Death Channel
 29657 | Lair:6   | Found a burning altar of Makhleb.
 30930 | D:13     | Found a transporter.
 30930 | D:13     | Noticed Poshitef's ghost (journeyman DsIE)
 30936 | D:13     | Noticed a vampire knight
 30944 | D:13     | Found a transporter.
 31363 | D:13     | Reached skill level 19 in Necromancy
 32790 | Lair:6   | Found a gateway to Hell.
 32806 | Lair:6   | Identified Qoloah's Reference Book on Contamination and the
                  | Mountains
 33076 | Orc:1    | Entered Level 1 of the Orcish Mines
 33302 | Orc:1    | Noticed Erolcha
 33309 | Orc:1    | Killed Erolcha
 33430 | Orc:1    | Reached XP level 15. HP: 111/151 MP: 0/24
 34018 | Orc:1    | Noticed an orc warlord
 34047 | Orc:1    | Killed an orc warlord
 34064 | Orc:1    | Reached skill level 20 in Necromancy
 34307 | Orc:2    | Entered Level 2 of the Orcish Mines
 34321 | Orc:2    | Noticed Snorg
 34323 | Orc:2    | Noticed an orc warlord
 34380 | Orc:1    | Killed an orc warlord
 35140 | D:13     | Found a gate to the Vaults.
 35196 | D:13     | Reached skill level 5 in Shields
 35745 | Orc:1    | Killed Snorg
 36197 | Orc:2    | Found a staircase to the Elven Halls.
 37226 | D:13     | Paralysed by something for 5 turns
 37997 | D:13     | Killed Poshitef's ghost
 38374 | Orc:2    | Gained mutation: Your magical capacity is low. (-10% MP) [a
                  | neqoxec]
 38810 | Orc:1    | Reached skill level 10 in Shields
 39570 | Orc:2    | Noticed an orc warlord
 39582 | Orc:2    | Killed an orc warlord
 40674 | Orc:2    | Found Nyxkutz's Antique Armour Emporium.
 40675 | Orc:2    | Found Onebyer's Antique Weapon Shoppe.
 40676 | Orc:2    | Found Osin's General Store.
 40676 | Orc:2    | Found Biuxy's Book Emporium.
 40714 | Orc:2    | Bought a distressingly furry buckler for 237 gold pieces
 40724 | Orc:2    | Identified the +0 buckler of the Armadillo {rF+ Dex+5} (You
                  | bought it in a shop on level 2 of the Orcish Mines)
 40877 | Orc:2    | Bought a bloodstained flail for 204 gold pieces
 40877 | Orc:2    | Identified the +2 flail of Qanikh {venom, Int+4} (You
                  | bought it in a shop on level 2 of the Orcish Mines)
 40880 | Orc:2    | Bought a jewelled hand crossbow for 204 gold pieces
 40880 | Orc:2    | Identified the +12 hand crossbow of Flawed Execution
                  | {penet, rF+ rC+ Dex-4 SInv} (You bought it in a shop on
                  | level 2 of the Orcish Mines)
 40883 | Orc:2    | Bought a bloodstained mace for 192 gold pieces
 40883 | Orc:2    | Identified the +10 mace "Qalid" {flame, +Inv rF+ Int+2}
                  | (You bought it in a shop on level 2 of the Orcish Mines)
 41109 | D:6      | Bought a manual of Earth Magic for 1214 gold pieces
 41388 | Shoals:1 | Entered Level 1 of the Shoals
 41388 | Shoals:1 | Found Vagam's Gadget Boutique.
 41399 | Shoals:1 | Found Dunen's Jewellery Boutique.
 41419 | Shoals:1 | Reached skill level 1 in Earth Magic
 41425 | Shoals:1 | Reached skill level 1 in Crossbows
 42136 | Shoals:1 | Found Ilemaix's Armour Emporium.
 42746 | Shoals:1 | Reached skill level 5 in Earth Magic
 43717 | Shoals:1 | Found Uschoih's Assorted Antiques.
 43949 | Shoals:2 | Reached XP level 16. HP: 76/159 MP: 2/22
 44175 | Snake:1  | Entered Level 1 of the Snake Pit
 44429 | Snake:1  | Found Waduv's Magic Scroll Shoppe.
 44653 | Snake:1  | Found a flickering gateway to a bazaar.
 44680 | Bazaar   | Entered a bazaar
 44787 | Bazaar   | Found Haigaf's Gadget Boutique.
 44791 | Bazaar   | Found Rosuniuh's Antique Weapon Boutique.
 44791 | Bazaar   | Found Piovagg's Jewellery Boutique.
 44792 | Bazaar   | Found Voagycro's Antique Weapon Boutique.
 44822 | Bazaar   | Bought an uncursed amulet of reflection for 390 gold pieces
 45051 | Snake:1  | Found Bijus's Book Shoppe.
 45200 | Snake:1  | Found Kiucho's Jewellery Shop.
 46015 | Snake:1  | Found Cessujel's Gadget Shop.
 46820 | Snake:2  | Reached skill level 10 in Earth Magic
 47077 | Snake:1  | Learned a level 8 spell: Infestation
 47201 | Snake:2  | Reached skill level 15 in Shields
 47350 | Snake:2  | Reached skill level 1 in Evocations
 47814 | Snake:2  | Found Duoriz's General Store.
 47816 | Snake:2  | Noticed Aizul
 47981 | Snake:1  | Killed Aizul
 49041 | Snake:3  | Found Fenio's Antique Weapon Emporium.
 49063 | Snake:3  | Found Ycevine's Jewellery Emporium.
 49137 | Snake:3  | Found Viaguck's Antique Weapon Boutique.
 49143 | Snake:3  | Reached skill level 5 in Evocations
 49152 | Snake:3  | Reached skill level 10 in Axes
 49682 | Snake:3  | Found Giuricuw's Gadget Shop.
 49721 | Snake:3  | Found Nash's Book Shoppe.
 49823 | Snake:4  | Entered Level 4 of the Snake Pit
 50033 | Snake:4  | Found Gehar's Antique Armour Emporium.
 50095 | Snake:4  | Reached XP level 17. HP: 124/166 MP: 13/23
 50352 | Snake:4  | Gained mutation: You passively map a large area around you.
                  | [Deep Dwarf growth]
 50352 | Snake:4  | Reached XP level 18. HP: 140/175 MP: 24/24
 51429 | Snake:4  | Reached skill level 10 in Evocations
 51553 | Snake:4  | Got a serpentine rune of Zot
 53008 | Shoals:3 | Found Esosiopi's Assorted Antiques.
 53316 | Shoals:3 | Reached skill level 15 in Fighting
 53894 | Shoals:3 | Reached skill level 1 in Armour
 54012 | Shoals:4 | Entered Level 4 of the Shoals
 54391 | Shoals:4 | Killed from afar by a water nymph

Illustrated notes

Levels and vault maps discovered:
D:1:      zelgadis_glass_arrival_small, layout_loops_ring, serial_glass,
          glass_columns_a, glass_columns_c, glass_columns_c, nrook_loot_triangle
D:2:      layout_rooms, bloody_makhleb,
          nicolae_gozag_cash_rules_everything_around_me,
          corexii_hall_statues_deadend, kennysheep_big_empty_room,
          hangedman_feature_mirror, uniq_natasha, uniq_sigmund
D:3:      layout_basic
D:4:      cheibrodos_thug_alley, layout_rooms, general_overflow_altar,
          lemuel_coloured_pillars_altar, uniq_duvessa
D:5:      minmay_diamond_boxcup, layout_loops_ring,
          grunt_temple_overflow_holy_war, minmay_temple_entry_drinking_statues,
          gammafunk_ghost_gnarly_gnolls
D:6:      layout_rooms, grunt_dithmenos_smoke, lemuel_round_altar,
          overflow_temple_1_default, serial_shops, shop
D:7:      layout_loops_corners, ebering_dispersal_statue_hall
D:8:      layout_loops_ring, old_standard_altar, nicolae_overflow_hidden_temple,
          okawaru_trees_2, jmf_multi_god_temple2
D:9:      layout_basic, serial_shops, kennysheep_mini_moat
D:10:     layout_basic, orc_0_dummy, basic_altar, hangedman_ranch
          [blue_anna_fruit_fields], uniq_harold
D:11:     layout_irregular_city, dpeg_lair_monsters
D:12:     layout_cave_pods, uniq_fannar
D:13:     layout_long_grid, grunt_vaults_entry_fortified, enter_bailey_2,
          gammafunk_ghost_mausoleum
Temple:   eino_temple_lava
Lair:1:   layout_hall_layers, kennysheep_abandoned_house, grunt_megastairs_4
Lair:2:   layout_regular_city, shoals_dummy_entry,
          minmay_snake_entry_guardpost_medium, grunt_megastairs_3,
          serial_bayou_shore_b
Lair:3:   layout_gridlike, gauntlet_entry_generic, st_stairs_4, uniq_gastronok
Lair:4:   layout_regular_city, portal_ice_cave_demonic_guard
Lair:5:   layout_roguey [special_room_mythical_zoo], lemuel_fruit_fields,
          infiniplex_staircase_pool
Lair:6:   evil_forest, layout_misc_corridors, minmay_slime_entry_oklob_open,
          nicolae_lair_yak_garden
Shoals:1: layout_shoals, serial_shops, shop,
          nicolae_shop_temple_entry_statues_fountains, shop, shop,
          hangedman_shoals_cup_caves
Shoals:2: layout_shoals
Shoals:3: layout_shoals, serial_shops, nicolae_shop_stone,
          nicolae_shoals_water_shrine
Shoals:4: shoals_end_grunt_ice, layout_shoals, yaktaur_hedge
Snake:1:  layout_layer_cave, serial_shops, bzr_entry_road, shop_statue, shop,
          shop, nicolae_shop_crystal, serial_bayou_shore_b, serial_bayou_shore_a
Snake:2:  layout_misc_corridors, serial_shops, shop, grunt_ministairs_14,
          uniq_aizul
Snake:3:  layout_onion_interference, serial_shops, nicolae_shop_trees,
          nicolae_shop_behind_doors,
          nicolae_shop_temple_entry_statues_fountains, shop, shop
Snake:4:  minmay_snake_end_coiled, layout_misc_corridors, serial_shops, shop,
          st_stairs_3, lemuel_fruit_tree
Orc:1:    layout_diamond_mine, uniq_erolcha
Orc:2:    st_orc_congregation, layout_diamond_mine, uniq_snorg

Skill      XL: |  1  2  3  4  5  6  7  8  9 10 11 12 13 14 15 16 17 18 |
---------------+-------------------------------------------------------+-----
Necromancy     | 5 7 8 9 10 11 12 14 15 17 19 20 | 20.4
Maces & Flails | 1 4 |  4.0
Fighting       | 2 4 6 8 10 12 13 14 15 | 15.1
Axes           | 4 7 10 11 12 | 12.7
Shields        | 4 13 15 | 15.0
Spellcasting   | 3 4 5 6 |  6.0
Earth Magic    | 6 10 | 10.0
Crossbows      | 3 |  3.9
Evocations     | 6 7 10 | 10.0
Armour         | 2 |  2.0
Dodging        | |  2.1
Stealth        | |  2.4

Action                   |  1- 3 |  4- 6 |  7- 9 | 10-12 | 13-15 | 16-18 || total
-------------------------+-------+-------+-------+-------+-------+-------++-------
Melee: Unarmed           |     8 |       |       |       |       |       ||     8
       Spear             |     2 |       |       |       |       |       ||     2
       Mace              |     6 |    59 |    85 |       |       |       ||   150
       Hand axe          |       |       |   175 |   399 |   591 |       ||  1165
       Falchion          |       |       |       |     9 |       |       ||     9
       Broad axe         |       |       |       |       |   139 |   460 ||   599
 Fire: Hand crossbow     |       |       |       |       |    38 |     3 ||    41
 Cast: Pain              |    65 |     2 |     5 |       |       |       ||    72
       Vampiric Draining |     1 |    33 |    83 |   253 |   720 |   403 ||  1493
       Dispel Undead     |       |       |       |    31 |    21 |       ||    52
       Borgnjor's Vile C |       |       |       |     1 |    66 |       ||    67
       Animate Dead      |       |       |       |       |     1 |       ||     1
       Death Channel     |       |       |       |       |     8 |     1 ||     9
       Infestation       |       |       |       |       |       |    19 ||    19
Invok: Receive Necronomi |       |       |       |       |     1 |       ||     1
 Abil: Heal Wounds       |       |       |       |     1 |       |     1 ||     2
Evoke: Wand              |       |       |     8 |    22 |    26 |     5 ||    61
       Phantom mirror    |       |       |       |     1 |     2 |       ||     3
       Box of beasts     |       |       |       |       |     1 |       ||     1
       Tin of tremorston |       |       |       |       |       |     3 ||     3
  Use: Potion            |     2 |       |       |     4 |     1 |     1 ||     8
       Scroll            |       |     3 |    16 |    14 |    12 |    10 ||    55
 Stab: Sleeping          |       |       |     5 |     2 |     2 |     1 ||    10
       Distracted        |       |       |       |       |     2 |     6 ||     8
Armor: Robe              |     2 |    14 |   105 |    25 |       |       ||   146
       Ring mail         |       |       |       |   268 |   717 |   369 ||  1354
Dodge: Dodged            |    19 |    66 |   212 |   354 |   638 |   353 ||  1642
Block: Buckler           |       |       |       |   199 |   314 |       ||   513
       Kite shield       |       |       |       |       |   322 |   961 ||  1283
       Reflection        |       |       |       |       |       |    93 ||    93
       Rpst.: Falchion   |       |       |       |     3 |       |       ||     3

Table legend: (Time is in decaauts)
 A = Elapsed time spent in this place.
 B = Non-inter-level travel time spent in this place.
 C = Inter-level travel time spent in this place.
 D = Time resting spent in this place.
 E = Time spent auto-exploring this place.
 F = Levels seen in this place.
 G = Mean time per level.
                   A        B        C        D        E       F      G
               +--------+--------+--------+--------+--------+-----+--------+
         Total |  54864 |  51178 |   3686 |   7920 |  32340 |  32 | 1714.5 |
       Dungeon |  21301 |  19404 |   1897 |   2373 |  13479 |  13 | 1638.5 |
        Temple |     80 |     65 |     15 |      0 |     64 |   1 |   80.0 |
          Lair |  13274 |  12494 |    780 |   1459 |   8493 |   6 | 2212.3 |
        Shoals |   5675 |   5512 |    163 |    508 |   3690 |   4 | 1418.8 |
     Snake Pit |   7386 |   7215 |    171 |   1941 |   3585 |   4 | 1846.5 |
  Orcish Mines |   6128 |   5470 |    658 |   1441 |   2639 |   2 | 3064.0 |
        Bazaar |    158 |    158 |      0 |      0 |    134 |   1 |  158.0 |
      Gauntlet |    858 |    858 |      0 |    198 |    254 |   1 |  858.0 |
               +--------+--------+--------+--------+--------+-----+--------+

Top non-repeatable levels by time:
  Lair:6: 3771 daAuts
   Orc:1: 3572 daAuts
    D:13: 3360 daAuts
 Snake:1: 3307 daAuts
Shoals:1: 2784 daAuts
    D:10: 2730 daAuts
  Lair:4: 2688 daAuts
   Orc:2: 2555 daAuts
  Lair:5: 2291 daAuts
     D:9: 2105 daAuts
  Lair:2: 1843 daAuts
     D:8: 1781 daAuts
     D:5: 1758 daAuts
    D:11: 1672 daAuts
 Snake:4: 1640 daAuts
